 Dungeon Sprint DCSS version 0.24.0-123-gd5b16e6ec5 (webtiles) character file.

Game seed: 14872888428093244935, levelgen mode: deterministic

2940 Groucho the Unseen (level 10, -4/99 HPs)
             Began as a Kobold Berserker on Jan 11, 2020.
             Was an Elder of Trog.
             Slain by an unseen horror (8 damage)
             ... in the Dungeon (Sprint I: "Red Sonja").
             The game lasted 00:03:29 (1443 turns).

Groucho the Unseen (Kobold Berserker)               Turns: 1443, Time: 00:03:30

Health: -4/99      AC:  2    Str: 20    XL:     10   Next: 7%
Magic:  10/10      EV: 22    Int:  9    God:    Trog [****..]
Gold:   639        SH:  0    Dex: 17    Spells: 9/9 levels left

rFire    . . .     SeeInvis .   a - +0 short sword
rCold    . . .     Gourm    .   (shield restricted)
rNeg     . . .     Faith    .   b - +0 animal skin
rPois    .         Spirit   .   (no helmet)
rElec    .         Reflect  .   (no cloak)
rCorr    .         Harm     .   (no gloves)
MR       ++...     NoTele   +   (no boots)
Stlth    ..........             (no amulet)
HPRegen  1.26/turn              (no ring)
MPRegen  0.12/turn              (no ring)

@: berserking, regenerating, very quick
A: small, carnivore
a: Berserk, Trog's Hand, Brothers in Arms, Renounce Religion


You were in the Dungeon.
You worshipped Trog.
Trog was greatly pleased with you.
You were near starving.

You visited 1 branch You collected 639 gold pieces.

Inventory:

Hand Weapons
 a - a +0 short sword (weapon)
Missiles
 k - 6 atropa-tipped darts (quivered)
Armour
 b - a +0 animal skin (worn)
Wands
 j - a wand of polymorph (7)
Potions
 f - a potion of haste
 g - 2 potions of magic
 h - a potion of berserk rage
Comestibles
 c - a ration


   Skills:
 + Level 9.6 Fighting
 + Level 11.3 Short Blades
 + Level 7.0 Armour
 + Level 10.1 Dodging
 + Level 19.4 Stealth


You had 9 spell levels left.
You didn't know any spells.
Your spell library was empty.

Dungeon Overview and Level Annotations

Branches:
Dungeon (1/1)

Altars:
Cheibriados
Dithmenos
Elyvilon
Fedhas
Gozag
Hepliaklqana
Kikubaaqudgha
Makhleb
Nemelex Xobeh
Okawaru
Qazlal
Ru
Sif Muna
Trog
Uskayaw
Vehumet
Wu Jian
Xom
Yredelemnul
Zin
The Shining One
Jiyva
Lugonu

Shops:
D %


Innate Abilities, Weirdness & Mutations

You are small and have problems with some larger weapons.
You are carnivorous and can eat meat at any time.


Message History

Unknown command.
You hit something. Something hits you!
* * * LOW HITPOINT WARNING * * *
You hit something. Something barely misses you.
You feel better. Something hits you.
* * * LOW HITPOINT WARNING * * *
Something hits you!
* * * LOW HITPOINT WARNING * * *
Unknown command.
A red film seems to cover your vision as you go berserk!
You feel yourself moving faster!
You feel mighty!
You are near starving!
Something closely misses you.
You completely miss something. Something hits you.
* * * LOW HITPOINT WARNING * * *
You closely miss something. Something closely misses you.
You closely miss something. Something misses you.
You hit something. Something closely misses you.
You hit something. Something hits you!
You die...

##_.#'##+#####'###
###+#)# #.'.# #
### ###.# #.#
####### #§#
.......##§#
{......§+§#
+++######§#
JJJ...§#@# #+{#
####


There were no monsters in sight!

Vanquished Creatures
  2 centaur warriors (D)
  An oklob plant (D)
  A hornet (D)
  A slime creature (D)
  Sigmund (D)
  2 redbacks (D)
  A yak (D)
  A floating eye (D)
  An ogre (D)
  A jelly (D)
  Ijyb (D)
13 creatures vanquished.

Vanquished Creatures (others)
  A gargoyle (D)
1 creature vanquished.

Grand Total: 14 creatures vanquished

Notes
Turn   | Place    | Note
-------+----------+-------------------------------------------
     0 | D        | Groucho the Kobold Berserker began the quest for the Orb.
     0 | D        | Reached XP level 1. HP: 14/14 MP: 1/1
     2 | D        | Noticed Ijyb
    20 | D        | Killed Ijyb
    20 | D        | Reached skill level 8 in Stealth
    20 | D        | Reached XP level 2. HP: 19/19 MP: 2/2
    20 | D        | Reached XP level 3. HP: 23/23 MP: 3/3
   188 | D        | Noticed an ogre
   190 | D        | Killed an ogre
   190 | D        | Reached skill level 12 in Stealth
   190 | D        | Reached XP level 4. HP: 28/28 MP: 4/4
   190 | D        | Reached XP level 5. HP: 32/32 MP: 5/5
   203 | D        | Noticed Sigmund
   205 | D        | Killed Sigmund
   205 | D        | Reached ** piety under Trog
   205 | D        | Reached skill level 16 in Stealth
   205 | D        | Reached XP level 6. HP: 37/37 MP: 6/6
   231 | D        | Found a shimmering blue altar of Sif Muna.
   232 | D        | Found an ornate altar of the Wu Jian Council.
   233 | D        | Found a radiant altar of Vehumet.
   281 | D        | Found Xuezocys's Food Emporium.
   281 | D        | Found an ancient bone altar of Kikubaaqudgha.
   281 | D        | Found a hazy altar of Hepliaklqana.
   281 | D        | Found a stormy altar of Qazlal.
   281 | D        | Found a hide-covered altar of Uskayaw.
   281 | D        | Found a blossoming altar of Fedhas.
   281 | D        | Found a bloodstained altar of Trog.
   281 | D        | Found an iron altar of Okawaru.
   281 | D        | Found a basalt altar of Yredelemnul.
   281 | D        | Found a glowing golden altar of the Shining One.
   281 | D        | Found a snail-covered altar of Cheibriados.
   281 | D        | Found a sacrificial altar of Ru.
   281 | D        | Found a glowing silver altar of Zin.
   281 | D        | Found a shadowy altar of Dithmenos.
   281 | D        | Found a white marble altar of Elyvilon.
   281 | D        | Noticed a yak
   282 | D        | Found an opulent altar of Gozag.
   283 | D        | Killed a yak
   283 | D        | Reached skill level 5 in Short Blades
   283 | D        | Reached skill level 17 in Stealth
   283 | D        | Reached XP level 7. HP: 44/44 MP: 7/7
   284 | D        | Found a sparkling altar of Nemelex Xobeh.
   302 | D        | Found a burning altar of Makhleb.
   302 | D        | Found a shimmering altar of Xom.
   302 | D        | Noticed a slime creature
   303 | D        | Found a viscous altar of Jiyva.
   303 | D        | Found a corrupted altar of Lugonu.
   305 | D        | Killed a slime creature
   305 | D        | Reached *** piety under Trog
   305 | D        | Reached skill level 5 in Fighting
   305 | D        | Reached skill level 5 in Dodging
   326 | D        | Noticed a centaur warrior
   326 | D        | Noticed a centaur warrior
   327 | D        | Killed a centaur warrior
   327 | D        | Reached skill level 5 in Armour
   327 | D        | Reached skill level 18 in Stealth
   327 | D        | Reached XP level 8. HP: 53/53 MP: 8/8
   340 | D        | Killed a centaur warrior
   340 | D        | Reached skill level 10 in Short Blades
   340 | D        | Reached XP level 9. HP: 51/60 MP: 9/9
   481 | D        | Noticed a hornet
   504 | D        | Killed a hornet
   880 | D        | Noticed an oklob plant
   910 | D        | Killed an oklob plant
   910 | D        | Reached skill level 19 in Stealth
  1329 | D        | Killed a gargoyle
  1382 | D        | Reached **** piety under Trog
  1382 | D        | Reached skill level 10 in Dodging
  1382 | D        | Reached XP level 10. HP: 66/66 MP: 10/10
  1437 | D        | HP: 1/66 [something (10)]
  1443 | D        | Slain by an unseen horror

Levels and vault maps discovered:
D:        dungeon_sprint_1 [red_sonja_temple_1, red_sonja_temple_small_1]

Skill      XL: |  1  2  3  4  5  6  7  8  9 |
---------------+----------------------------+-----
Stealth        | 8 12 16 17 18 19 | 19.4
Fighting       | 4 7 8 9 |  9.6
Short Blades   | 5 8 10 11 | 11.3
Armour         | 2 5 6 7 |  7.0
Dodging        | 4 7 8 10 | 10.1

Action                   |  1- 3 |  4- 6 |  7- 9 | 10-12 || total
-------------------------+-------+-------+-------+-------++-------
Melee: Short sword       |    17 |     3 |    62 |    17 ||    99
Invok: Berserk           |     1 |       |     3 |     1 ||     5
       Trog's Hand       |       |       |     3 |     1 ||     4
  Use: Scroll            |       |       |     1 |       ||     1
       Potion            |       |       |       |     2 ||     2
 Stab: Sleeping          |     1 |     3 |     4 |     1 ||     9
  Eat: Chunk             |       |     4 |     2 |       ||     6
Armor: Animal skin       |       |       |       |     1 ||     1
Dodge: Dodged            |     6 |       |    26 |    13 ||    45
